Map: 얼어붙은 사원

Players

Rave - Winner!

  • Race: Zerg Zerg
  • League: Grandmaster

llllllllllll (Scarlett)

  • Race: Zerg Zerg
  • League: Grandmaster

VOD

Have the link to the VOD?

Description

Time

  • Played on: April 13, 2016, 8:35 a.m.
  • Length: 4:10
Show
View Real Time Build Order
Export as new Build Order

Rave Zerg - Winner!

Build Orders: Pool First 

Get SALT Encoding   

  12  0:00  Drone  
  13  0:08  Drone  
  14  0:17  Overlord  
  14  0:36  Drone x3  
  17  0:42  Extractor  
  17  0:47  Drone  
  17  0:50  Spawning Pool  
  16  0:58  Drone  
  17  1:10  Drone  
  18  1:20  Hatchery  
  17  1:25  Drone  
  18  1:37  Queen  
  18  1:39  Zergling x2  
  21  1:44  Metabolic Boost  
  21  1:48  Drone  
  22  1:55  Overlord  
  22  2:03  Baneling Nest  
  22  2:05  Drone  
  22  2:16  Queen  
  24  2:27  Zergling x2  
  24  2:28  Zergling x2  
  26  2:37  Zergling x2  
  26  2:38  Zergling x2  
  27  2:45  Overlord  
  27  2:47  Zergling x2  
  27  2:48  Zergling x6  
  31  2:54  Zergling x2  
  32  3:04  Zergling x2  
  33  3:07  Zergling x2  
  34  3:13  Zergling x2  
  34  3:16  Zergling x2  
  34  3:19  Zergling x6  
  39  3:23  Baneling x4  
  39  3:31  Zergling x6  
  39  3:38  Zergling x4  
  39  3:53  Baneling  
Show
View Real Time Build Order
Export as new Build Order

llllllllllll Zerg 

Build Orders: Pool First 

Get SALT Encoding   

  12  0:02  Drone  
  13  0:08  Drone  
  14  0:19  Overlord  
  14  0:24  Extractor  
  14  0:25  Drone  
  15  0:37  Drone x2  
  15  0:42  Extractor  
  16  0:46  Spawning Pool  
  15  0:50  Drone  
  15  0:56  Drone  
  17  1:07  Drone  
  18  1:17  Drone  
  19  1:34  Queen, Zergling x2  
  22  1:45  Overlord  
  22  1:47  Hatchery  
  22  1:49  Metabolic Boost  
  21  1:54  Drone  
  22  2:03  Evolution Chamber  
  22  2:05  Drone  
  22  2:11  Queen  
  24  2:24  Drone x2  
  26  2:47  Overlord, Drone  
  26  2:48  Drone x2  
  29  2:58  Queen  
  29  3:01  Drone  
  32  3:07  Zergling x4  
  34  3:13  Spine Crawler  
  34  3:16  Zergling x2  
  34  3:17  Zergling x2, Baneling Nest  
  34  3:24  Queen  
  36  3:28  Zergling x2  
  36  3:33  Zergling x2  
  36  3:34  Zergling x4  
  35  3:39  Zergling x2  
  35  3:40  Zergling x2  
  35  3:47  Spine Crawler  
  34  3:52  Zergling x8  
  33  4:00  Spine Crawler  
Tags
 
Add a new tag
Caveats
  • Supply blocks, unpowered buildings, or Contaminate may cause inaccurate times.
  • Supply counts are checked every 10 seconds.